 Dungeon Crawl Stone Soup version 0.27.1-4-g1640c2035a (webtiles) character file.

Game seed: 6972876422924452198

32 bearlyready the Bolt Thrower (level 3, 0/21 HPs)
             Began as a Kobold Hunter on Nov 16, 2021.
             Succumbed to an adder's poison
             ... in a sewer.
             The game lasted 00:03:43 (1661 turns).

bearlyready the Bolt Thrower (Kobold Hunter)        Turns: 1661, Time: 00:03:44

Health: 0/21       AC: 10    Str:  9    XL:     3   Next: 45%
Magic:  3/3        EV: 11    Int: 12    God:
Gold:   51         SH:  0    Dex: 16    Spells: 2/2 levels left

rFire    . . .     SeeInvis .   g - +2 dagger (protect)
rCold    . . .     Faith    .   (shield restricted)
rNeg     . . .     Spirit   .   c - +0 leather armour
rPois    .         Reflect  .   (no helmet)
rElec    .         Harm     .   (no cloak)
rCorr    .         Rampage  .   (no gloves)
Will     .....                  (no boots)
Stlth    +++.......             (no amulet)
HPRegen  0.07/turn              (no ring)
MPRegen  0.08/turn              (no ring)

@: lethally poisoned (0 -> -7), under a protective aura, attractive, constricted
A: small, no large weapons, nightstalker 3
a: no special abilities


You were in a sewer.
You visited 1 branch of the dungeon, and saw 3 of its levels.
You also visited: Sewer.

You collected 51 gold pieces.

Inventory:

Hand Weapons
 a - a +1 hand crossbow
 b - a +0 short sword
 g - a +2 dagger of protection (weapon)
Missiles
 d - 20 bolts
Armour
 c - a +0 leather armour (worn)


   Skills:
 - Level 2.1 Fighting
 + Level 2.2 Short Blades
 + Level 5.6 Crossbows
 - Level 2.4 Dodging
 - Level 1.3 Stealth


You had 2 spell levels left.
You didn't know any spells.
Your spell library was empty.

Dungeon Overview and Level Annotations

Branches:
Dungeon (2/15)              Sewer (1/1)

Altars:

Shops:
D:1 !!=


Innate Abilities, Weirdness & Mutations

You are small and have problems with some larger weapons.
You are completely attuned to the shadows.


Message History

You are poisoned.
The adder poisons you!
You barely miss the adder.
The adder is moderately wounded.
You feel sick. The ball python bites you. The ball python constricts you.
The adder bites you.
You are more poisoned.
The adder poisons you!
You hit the adder.
Your weapon exudes an aura of protection.
The adder is heavily wounded.
You feel sick. The ball python closely misses you.
The ball python constricts you. The adder bites you but does no damage.
You aren't carrying any potions.
This is a scroll of acquirement!
You see here a manual of Short Blades.
Something appears at your feet!
You feel sick. The ball python closely misses you.
The ball python constricts you. The adder misses you.
You miss the adder.
The adder is heavily wounded.
You feel sick. The ball python barely misses you.
The ball python constricts you.
* * * LOW HITPOINT WARNING * * *
The adder barely misses you. The ball python closely misses you.
The ball python constricts you.
You hit the adder.
The adder is severely wounded.
You feel sick. The adder bites you.
* * * LOW HITPOINT WARNING * * *
You are more poisoned.
The adder poisons you! The adder barely misses you.
The ball python closely misses you. The ball python constricts you.
You hit the adder.
The adder is almost dead.
* * * LOW HITPOINT WARNING * * *
You feel sick. The adder bites you but does no damage.
The ball python barely misses you. The ball python constricts you.
You closely miss the adder.
The adder is almost dead.
You die...

####################
..rS@≈..≈.≈.≈......##
≈≈≈S≈≈≈≈≈≈≈≈≈≈≈≈≈≈..#
≈≈≈≈≈≈≈≈≈≈≈≈≈≈≈≈≈≈≈.#
≈≈B≈≈≈≈≈≈≈≈≈≈≈≈≈≈≈≈.#
≈≈.≈≈≈≈≈≈≈≈≈≈..≈≈≈≈.#
≈.≈≈≈.# .≈≈≈.# ≈≈≈≈.#
≈≈≈≈.#


You could see an adder, a quokka, a giant cockroach and a ball python.

Vanquished Creatures
  5 ball pythons
  3 endoplasms
  2 giant cockroaches (Sewer)
  A goblin (D:1)
  5 hobgoblins (D:1)
  3 quokkas
  3 bats (D:1)
  4 frilled lizards
  2 kobolds (D:1)
  A rat (D:1)
29 creatures vanquished.

Notes
Turn   | Place    | Note
-------+----------+-------------------------------------------
     0 | D:1      | bearlyready the Kobold Hunter began the quest for the Orb.
     0 | D:1      | Reached XP level 1. HP: 12/12 MP: 1/1
    91 | D:1      | Reached skill level 5 in Crossbows
    96 | D:1      | Found Tofyxt's Jewellery Boutique.
   237 | D:1      | Reached XP level 2. HP: 17/17 MP: 2/2
   458 | D:1      | Found Viomyan's Distillery.
   472 | D:1      | Reached skill level 1 in Short Blades
   612 | D:1      | Found a faded altar of an unknown god.
   692 | D:1      | Found Qymydiz's Distillery.
  1169 | D:1      | Reached XP level 3. HP: 17/21 MP: 3/3
  1458 | D:2      | You fall into a shaft and drop 1 floor!
  1459 | D:3      | Found a glowing drain.
  1469 | Sewer    | Entered a sewer
  1657 | Sewer    | Identified a scroll of acquirement
  1657 | Sewer    | Acquired a manual of Short Blades
  1660 | Sewer    | HP: 1/21 [poisoned by an adder]
  1661 | Sewer    | Succumbed to an adder's poison

Illustrated notes

Levels and vault maps discovered:
D:1:      elethiomel_arrival_maze, layout_basic, serial_shops, shop, shop, shop,
          basic_ecumenical_altar
D:2:      layout_rooms, uniq_sigmund
D:3:      cheibrodos_old_hovel, layout_basic, cheibrodos_sewer_entry_sluice,
          minmay_fractal_squares_5, uniq_robin
Sewer:    sewer_frog_island_01

Skill      XL: |  1  2  3 |
---------------+----------+-----
Crossbows      | 5 |  5.6
Short Blades   | 1 2 |  2.2
Fighting       | |  2.1
Dodging        | |  2.4
Stealth        | |  1.3

Action                   || total
-------------------------++-------
Melee: Short sword       ||    17
       Dagger            ||    91
 Fire: Hand crossbow     ||     2
  Use: Scroll            ||     1
       Potion            ||     1
 Stab: Sleeping          ||     9
       Distracted        ||     1
Armor: Leather armour    ||    24
Dodge: Dodged            ||    93
